 Dungeon Crawl Stone Soup version 0.29.1-12-g30fa7ad0bf (webtiles) character file.

Game seed: 5653077222135352608

44 Linkola the Trooper (level 3, -6/34 HPs)
             Began as a Minotaur Fighter on Dec 13, 2022.
             Killed from afar by an orc wizard (7 damage)
             ... with a puff of flame
             ... on level 2 of the Dungeon.
             The game lasted 00:02:39 (1049 turns).

Linkola the Trooper (Minotaur Fighter)              Turns: 1049, Time: 00:02:40

Health: -6/34      AC:  9    Str: 22    XL:     3   Next: 41%
Magic:  2/2        EV:  9    Int:  5    God:
Gold:   47         SH:  4    Dex:  9    Spells: 2/2 levels left

rFire   . . .      SeeInvis .   a - +0 long sword
rCold   . . .      Faith    .   c - +0 buckler
rNeg    . . .      Spirit   .   b - +1 scale mail
rPois   +          Reflect  .   (helmet restricted)
rElec   .          Harm     .   (no cloak)
rCorr   .          Rampage  .   h - +0 pair of gloves of Agnosticism {rPois Slay+2}
Will    .....                   (no boots)
Stlth   ..........              (no amulet)
HPRegen 0.11/turn               (no ring)
MPRegen 0.08/turn               (no ring)

@: no status effects
A: horns 2, retaliatory headbutt
a: no special abilities


You were on level 2 of the Dungeon.
You visited 1 branch of the dungeon, and saw 2 of its levels.

You collected 47 gold pieces.

Inventory:

Hand Weapons
 a - a +0 long sword (weapon)
Missiles
 g - 9 stones (quivered)
Armour
 b - a +1 scale mail (worn)
 c - a +0 buckler (worn)
 h - the +0 pair of gloves of Agnosticism (worn) {rPois Slay+2}
   (You acquired it on level 1 of the Dungeon)

   Slay:      It affects your accuracy & damage with ranged weapons and melee
   (+2).
   rPois:     It protects you from poison.
Scrolls
 k - a scroll of identify {unknown}
Potions
 d - a potion of might
 e - 2 potions of curing {unknown}
 f - a potion of berserk rage {unknown}
 i - a potion of lignification {unknown}
 j - a potion of flight {unknown}
 l - a potion of magic {unknown}


   Skills:
 + Level 4.3 Fighting
 + Level 3.0 Long Blades
 * Level 1.1 Throwing
 + Level 3.8 Armour
 + Level 0.1 Dodging
 + Level 3.9 Shields


You had 2 spell levels left.
You didn't know any spells.
Your spell library was empty.

Dungeon Overview and Level Annotations

Branches:
Dungeon (2/15)

Altars:


Innate Abilities, Weirdness & Mutations

You have a pair of horns on your head.
You reflexively headbutt those who attack you in melee.


Message History

You closely miss the orc. Your headbutt misses the orc.
You block the orc's attack.
You slash the orc!
You kill the orc!
Your Long Blades skill increases to level 3!
You barely miss the orc. Your headbutt misses the orc.
An orc comes into view. It is wielding a +0 trident.
You barely miss the orc. Your headbutt misses the orc.
The orc hits you but does no damage.
You slash the orc!
You kill the orc!
You miss something. Your headbutt misses something. Something hits you. x2
You closely miss something. Something hits you but does no damage.
You hit something. You headbutt something! Something hits you.
You miss something. Something hits you.
You hear some strange, mumbled words.
You are confused.
You completely miss something. Something hits you.
You bump into the rock wall.
Something hits you but does no damage.
You completely miss something. Your headbutt misses something.
Something hits you but does no damage.
You bump into the rock wall.
Something hits you but does no damage.
You closely miss something. Your headbutt misses something.
You hear some strange, mumbled words.
A puff of flame appears from out of thin air!
The puff of flame hits you! Something hits you.
* * * LOW HITPOINT WARNING * * *
You miss something.
You feel less confused. Something hits you but does no damage.
You miss something. Your headbutt misses something.
You hear some strange, mumbled words.
A magic dart appears from out of thin air!
The magic dart hits you!
* * * LOW HITPOINT WARNING * * *
You closely miss something.
You hear some strange, mumbled words.
A puff of flame appears from out of thin air!
The puff of flame hits you!
You die...

#.# #..#.# .# #.#
#..#.##.#
##.########†.#..!.#
#..............$..#
.............##...###.#
#<###.#####...#.......
....#.............###.#
###.#######.....).....#
# .# ####.#@###### # #
#.#{# .. #.#o# ###
#.#o# #.#.# #.#.. #.#.#
#.#


You could see 2 orcs.

Vanquished Creatures
  A worm (D:2)
  2 dart slugs (D:1)
  2 orcs (D:2)
  3 ball pythons
  2 bats
  2 endoplasms (D:1)
  3 goblins (D:1)
  3 hobgoblins
  3 jackals (D:1)
  3 kobolds (D:1)
  A quokka (D:1)
  3 frilled lizards (D:1)
  5 rats
33 creatures vanquished.

Notes
Turn   | Place    | Note
-------+----------+-------------------------------------------
     0 | D:1      | Linkola the Minotaur Fighter began the quest for the Orb.
     0 | D:1      | Reached XP level 1. HP: 19/19 MP: 0/0
    78 | D:1      | Reached XP level 2. HP: 16/27 MP: 1/1
   282 | D:1      | Reached skill level 4 in Fighting
   485 | D:1      | Identified a scroll of acquirement
   485 | D:1      | Acquired the +0 pair of gloves of Agnosticism {rPois
                  | Slay+2}
   603 | D:1      | Reached XP level 3. HP: 33/33 MP: 2/2
   770 | D:1      | Found a faded altar of an unknown god.
   905 | D:2      | Reached skill level 1 in Throwing
  1048 | D:2      | HP: 1/34 [something/magic dart (9)]
  1049 | D:2      | Killed from afar by an orc wizard

Illustrated notes

Levels and vault maps discovered:
D:1:      psy_arrival_radial01, layout_rooms, shapermc_ecumenical_altar_pompeii,
          kennysheep_another_room, hangedman_abyss_or_decor_stabs,
          minmay_unequal
D:2:      layout_loops_ring, uniq_sigmund

Skill      XL: |  1  2  3 |
---------------+----------+-----
Fighting       | 4 |  4.3
Throwing       | 1 |  1.1
Long Blades    | 3 |  3.0
Armour         | |  3.8
Dodging        | |  0.1
Shields        | |  3.9

Action                   || total
-------------------------++-------
Melee: Long sword        ||    74
       Headbutt          ||     9
Throw: Stone             ||     4
  Use: Scroll            ||     5
Armor: Scale mail        ||    36
Dodge: Dodged            ||    23
Block: Buckler           ||    13
